 Dungeon Crawl Stone Soup version 0.28.0-49-g6dfe1f597d (webtiles) character file.

Game seed: 7442306814895306717

3342 klau3 the Cleaver (level 9, -12/118 HPs)
             Began as a Minotaur Berserker on May 15, 2022.
             Was a Believer of Trog.
             Mangled by a troll (15 damage)
             ... on level 7 of the Dungeon.
             The game lasted 00:19:07 (5774 turns).

klau3 the Cleaver (Minotaur Berserker)              Turns: 5774, Time: 00:19:09

Health: -12/118    AC: 12    Str: 24    XL:     9   Next: 72%
Magic:  8/8        EV: 13    Int:  4    God:    Trog [**....]
Gold:   303        SH:  4    Dex: 12    Spells: 8/8 levels left

rFire   . . .      SeeInvis .   C - +3 war axe
rCold   . . .      Faith    .   r - +0 buckler
rNeg    . . .      Spirit   .   l - +0 chain mail
rPois   +          Reflect  .   (helmet restricted)
rElec   .          Harm     .   (no cloak)
rCorr   .          Rampage  .   (no gloves)
Will    .....                   x - +0 pair of boots
Stlth   ..........              (no amulet)
HPRegen 0.29/turn               w - +4 ring of evasion
MPRegen 0.11/turn               A - ring of poison resistance

@: berserking (expiring), very quick
A: horns 2, retaliatory headbutt
a: Renounce Religion, Berserk, Trog's Hand


You were on level 7 of the Dungeon.
You worshipped Trog.
Trog was pleased with you.
You visited 1 branch of the dungeon, and saw 7 of its levels.

You collected 303 gold pieces.

Inventory:

Hand Weapons
 a - a +0 hand axe
 p - a +0 arbalest
 B - a +0 battleaxe
 C - a +3 war axe (weapon)
Missiles
 i - 8 poisoned darts (quivered)
 v - 2 atropa-tipped darts
Armour
 b - a +0 animal skin
 d - a +0 ring mail
 l - a +0 chain mail (worn)
 r - a +0 buckler (worn)
 x - a +0 pair of boots (worn)
Jewellery
 o - a ring of protection from cold
 w - a +4 ring of evasion (left hand)
 A - a ring of poison resistance (right hand)
Wands
 m - a wand of paralysis (6)
 s - a wand of digging (4)
Scrolls
 g - a scroll of fear {unknown}
 j - 4 scrolls of identify {unknown}
 k - a scroll of silence {unknown}
 n - 2 scrolls of magic mapping {unknown}
 u - a scroll of blinking {unknown}
 y - a scroll of teleportation {unknown}
Potions
 c - a potion of lignification {unknown}
 e - a potion of flight {unknown}
 f - a potion of haste {unknown}
 h - 3 potions of curing {unknown}
 q - a potion of cancellation {unknown}
 t - a potion of degeneration {unknown}
 z - 2 potions of mutation {unknown}


   Skills:
 + Level 7.3 Fighting
 + Level 10.7 Axes
 + Level 0.8 Throwing
 + Level 8.9 Armour
 + Level 5.0 Dodging
 + Level 2.9 Stealth
 + Level 3.0 Shields
 + Level 1.1 Evocations


You had 8 spell levels left.
You didn't know any spells.
Your spell library contained the following spells:

 Spells                   Type           Power      Damage    Failure   Level
 Animate Skeleton         Necr           0%         N/A       99%         1
 Pain                     Necr           0%         1d4       99%         1
 Vampiric Draining        Necr           0%         2d6       100%        3


Dungeon Overview and Level Annotations

Branches:
Dungeon (7/15)             Temple (0/1) D:4

Altars:
Kikubaaqudgha
Okawaru
Yredelemnul

Shops:
D:1 [   D:2 :

Annotations:
D:7 2 transporters, Zeld's ghost, novice DrCj


Innate Abilities, Weirdness & Mutations

You have a pair of horns on your head.
You reflexively headbutt those who attack you in melee.


Message History

The troll bites you but does no damage. The troll claws you.
You block the troll's attack. The black bear barely misses you.
The black bear closely misses you.
The black bear claws you but does no damage.
You hit the boulder beetle.
The boulder beetle is moderately wounded.
You slash the black bear!
You kill the black bear!
Trog accepts your kill.
You slash the ogre! You completely miss the troll.
The boulder beetle bites you!
The ogre hits you with a +0 giant spiked club!
The troll bites you but does no damage. The troll closely misses you.
The troll claws you.
* * * LOW HITPOINT WARNING * * *
Your Dodging skill increases to level 5!
You hit the boulder beetle. You headbutt the boulder beetle.
The boulder beetle is heavily wounded.
You slash the bullfrog! You slash the ogre! You closely miss the troll.
The bullfrog closely misses you. You furiously retaliate!
You headbutt the bullfrog!
You kill the bullfrog!
Trog accepts your kill. The boulder beetle bites you!!
* * * LOW HITPOINT WARNING * * *
Your Shields skill increases to level 3!
You slash the boulder beetle!
The boulder beetle is heavily wounded.
You slash the troll! You hit the ogre. The troll misses you.
The troll closely misses you. The troll claws you!
* * * LOW HITPOINT WARNING * * *
The ogre closely misses you. The boulder beetle bites you.
* * * LOW HITPOINT WARNING * * *
You hit the boulder beetle but do no damage.
The boulder beetle is heavily wounded.
You slash the troll! You slash the ogre!
You kill the ogre!
Trog accepts your kill. The troll bites you!
You die...

.### . ## ......$ .
.. .#...).# .. ..#
# . .[..° . ....
Z.#. ...### . ##..
.... ..((# ....
.### ..##)((# ....
...### #.#TB)#
#..#.
###..#########.)@##
#..#.
##...##.#.#.#.#.#
#...
###..##.#.#.#.##
#..# ##.###.#.#.##
#####..##
#..#.#.#.#.#
#........
##.##.#.#.##
.....##.###
#..##.#.## ...
##>... ##.###.## .
#..... #..#.#)#
#..##.


You could see a boulder beetle and a troll.

Vanquished Creatures
  Sigmund (D:4)
  5 yaks (D:7)
  A steam dragon (D:6)
  A vampire mosquito (D:7)
  Menkaure (D:4)
  A sky beast (D:7)
  A black bear (D:7)
  An ice beast (D:7)
  3 ogres
  3 necrophages
  3 centaurs (D:7)
  A phantom (D:4)
  4 bullfrogs
  2 scorpions
  A wyvern skeleton (D:7)
  2 wights (D:7)
  A howler monkey (D:7)
  A bullfrog zombie (D:5)
  2 centaur zombies (D:7)
  A bullfrog skeleton (D:6)
  A hound (D:4)
  An orc priest (D:4)
  3 jellies
  A centaur skeleton (D:7)
  Natasha (thrice) (D:4)
  An iguana (D:3)
  2 orc wizards (D:7)
  4 adders
  A shadow imp (D:6)
  A dart slug (D:1)
  4 orcs
  6 bats
  5 endoplasms
  5 giant cockroaches
  2 goblins
  7 hobgoblins
  2 jackals (D:2)
  5 quokkas
  A ball python (D:3)
  A frilled lizard (D:2)
  8 kobolds
  5 rats
105 creatures vanquished.

Vanquished Creatures (others)
  A wight (D:7)
1 creature vanquished.

Grand Total: 106 creatures vanquished

Notes
Turn   | Place    | Note
-------+----------+-------------------------------------------
     0 | D:1      | klau3 the Minotaur Berserker began the quest for the Orb.
     0 | D:1      | Reached XP level 1. HP: 19/19 MP: 0/0
   175 | D:1      | Noticed a great orb of eyes
   176 | D:1      | Found a faded altar of an unknown god.
   185 | D:1      | Noticed an eye of devastation
   185 | D:1      | Noticed a floating eye
   185 | D:1      | Noticed a golden eye
   349 | D:1      | Found Pasipnuq's Antique Armour Boutique.
   640 | D:1      | Reached XP level 2. HP: 15/27 MP: 1/1
   916 | D:1      | Reached skill level 4 in Axes
  1171 | D:2      | Found Siw Zouq's Book Boutique.
  1340 | D:2      | Reached XP level 3. HP: 33/33 MP: 2/2
  1701 | D:2      | Found a basalt altar of Yredelemnul.
  2335 | D:3      | Found an iron altar of Okawaru.
  2337 | D:3      | Found an ancient bone altar of Kikubaaqudgha.
  2377 | D:3      | You fall into a shaft and drop 3 floors!
  2397 | D:5      | Entered Level 5 of the Dungeon
  2429 | D:5      | Reached skill level 5 in Axes
  2429 | D:5      | Reached XP level 4. HP: 34/40 MP: 3/3
  2527 | D:5      | Noticed a necrophage
  2535 | D:5      | Killed a necrophage
  2536 | D:5      | Reached XP level 5. HP: 31/47 MP: 4/4
  2871 | D:4      | Reached ** piety under Trog
  2873 | D:4      | Noticed Menkaure
  2875 | D:4      | Reached XP level 6. HP: 39/53 MP: 5/5
  3198 | D:4      | Killed Menkaure
  3199 | D:4      | Reached skill level 6 in Axes
  3199 | D:4      | Reached skill level 5 in Armour
  3231 | D:4      | Found a staircase to the Ecumenical Temple.
  3287 | D:4      | Noticed Sigmund
  3296 | D:4      | Killed Sigmund
  3297 | D:4      | Reached skill level 1 in Stealth
  3297 | D:4      | Reached XP level 7. HP: 60/60 MP: 6/6
  3326 | D:4      | Noticed Natasha
  3330 | D:4      | Killed Natasha
  3349 | D:4      | Reached skill level 5 in Fighting
  3847 | D:4      | Noticed Natasha
  3855 | D:4      | Killed Natasha
  3896 | D:4      | Noticed Natasha
  3906 | D:4      | Killed Natasha
  4664 | D:6      | Reached skill level 1 in Evocations
  4749 | D:6      | Reached skill level 7 in Axes
  4749 | D:6      | Reached XP level 8. HP: 68/68 MP: 7/7
  5234 | D:7      | Found a transporter.
  5238 | D:7      | Noticed Zeld's ghost (novice DrCj)
  5256 | D:7      | Found a transporter.
  5259 | D:7      | Reached skill level 8 in Axes
  5278 | D:7      | Reached skill level 1 in Shields
  5494 | D:7      | Reached skill level 9 in Axes
  5587 | D:7      | Reached XP level 9. HP: 75/75 MP: 8/8
  5605 | D:7      | Reached skill level 10 in Axes
  5756 | D:7      | Noticed a boulder beetle
  5757 | D:7      | Noticed a troll
  5757 | D:7      | Noticed a boulder beetle
  5772 | D:7      | Reached skill level 5 in Dodging
  5773 | D:7      | HP: 3/118 [boulder beetle (3)]
  5774 | D:7      | Mangled by a troll

Illustrated notes

Levels and vault maps discovered:
D:1:      sevenhm_arrival_forest_fort_small_4, layout_basic,
          hellmonk_ecumenical_altar_watching_god, serial_shops, shop
D:2:      layout_loops_corners, basic_altar, serial_shops,
          nicolae_shop_advertising_works [nicolae_subvault_shop_adworks]
D:3:      layout_rooms, mainiacjoe_overflow_catwalk_spiral, grunt_ministairs_2
D:4:      layout_rooms, minmay_temple_entry_waves, uniq_natasha, uniq_menkaure,
          uniq_sigmund
D:5:      layout_basic
D:6:      layout_basic
D:7:      minmay_the_grid_four_pointed_star
          [minmay_the_grid_triangle_9x9_subtriangle,
          minmay_the_grid_triangle_9x9_sprig,
          minmay_the_grid_triangle_9x9_dagger,
          minmay_the_grid_triangle_9x9_checkered,
          minmay_the_grid_prize_big_room], layout_basic,
          gammafunk_ghost_stat_death

Skill      XL: |  1  2  3  4  5  6  7  8  9 |
---------------+----------------------------+-----
Fighting       | 4 5 6 7 |  7.3
Axes           | 4 5 6 7 9 10 | 10.7
Armour         | 3 4 5 6 8 |  8.9
Dodging        | 3 4 5 |  5.0
Stealth        | 1 2 |  2.9
Evocations     | 1 |  1.1
Shields        | 1 3 |  3.0
Throwing       | |  0.8

Action                   |  1- 3 |  4- 6 |  7- 9 || total
-------------------------+-------+-------+-------++-------
Melee: Hand axe          |    89 |    30 |   153 ||   272
       Headbutt          |    15 |     8 |    44 ||    67
       Punch             |     2 |       |       ||     2
       Arbalest          |       |     1 |       ||     1
       War axe           |       |       |    41 ||    41
Throw: Dart              |       |     4 |       ||     4
Invok: Berserk           |     3 |     3 |     9 ||    15
       Trog's Hand       |       |     1 |       ||     1
Evoke: Wand              |       |     5 |     1 ||     6
 Stab: Paralysed         |       |     6 |     1 ||     7
Armor: Ring mail         |    45 |       |       ||    45
       Animal skin       |     1 |       |       ||     1
       Chain mail        |       |    26 |   122 ||   148
Dodge: Dodged            |    76 |    17 |   141 ||   234
Block: Buckler           |       |       |    37 ||    37
